 Dungeon Crawl Stone Soup version 0.29.1-2-gbd0b4ee654 (webtiles) character file.

Game seed: 4630745522652342139

3146 GorkyZ the Trooper (level 10, -1/77 HPs)
             Began as a Formicid Gladiator on Nov 21, 2022.
             Was an Initiate of Gozag.
             Slain by a five-headed hydra (15 damage)
             ... on level 7 of the Dungeon.
             The game lasted 00:33:18 (6574 turns).

GorkyZ the Trooper (Formicid Gladiator)             Turns: 6574, Time: 00:33:28

Health: -1/77      AC:  5    Str: 22    XL:     10   Next: 15%
Magic:  10/10      EV: 19    Int:  7    God:    Gozag
Gold:   616        SH:  0    Dex: 17    Spells: 9/9 levels left

rFire   . . .      SeeInvis +   a - +1 war axe
rCold   + . .      Faith    .   n - orb {light}
rNeg    . . .      Spirit   .   c - +0 troll leather armour {Pargi}
rPois   .          Reflect  .   (helmet unavailable)
rElec   .          Harm     .   C - +0 cloak
rCorr   .          Rampage  .   (no gloves)
Will    +....                   (no boots)
Stlth   +.........              H - amulet of regeneration
HPRegen 1.82/turn               t - +4 ring of evasion
MPRegen 0.12/turn               D - ring of protection from cold

@: lethally poisoned (-1 -> -1), glowing
A: permanent stasis, dig shafts and tunnels, antennae 3, four strong arms
a: Dig, Shaft Self, Renounce Religion, Potion Petition, Call Merchant, Bribe
Branch


You were on level 7 of the Dungeon.
You worshipped Gozag.
Gozag was pleased with you.
You visited 2 branches of the dungeon, and saw 8 of its levels.
You also visited: Sewer.

You collected 679 gold pieces.
You paid 63 gold pieces to Gozag.

Inventory:

Hand Weapons
 a - a +1 war axe (weapon)
 B - a +4 quarterstaff of chaos
Missiles
 d - 4 javelins
 p - a curare-tipped dart
 w - 3 throwing nets (quivered)
 I - 5 boomerangs
Armour
 b - a +0 leather armour
 c - a +0 troll leather armour (worn) {Pargi}
 m - a +0 chain mail
 n - an orb of light (worn)
 C - a +0 cloak (worn)
 E - a +0 buckler
Jewellery
 g - an amulet of reflection
 o - a ring of protection from cold
 q - a ring of magical power
 t - a +4 ring of evasion (left hand)
 y - a +6 ring of intelligence
 D - a ring of protection from cold (right hand)
 H - an amulet of regeneration (around neck)
Wands
 A - a wand of quicksilver (6)
 F - a wand of flame (18)
 G - a wand of iceblast (21)
Scrolls
 f - 4 scrolls of teleportation
 k - 6 scrolls of enchant weapon
 s - a scroll of immolation
 u - a scroll of magic mapping
 v - 2 scrolls of blinking
 x - a scroll of fog
Potions
 e - a potion of lignification
 h - a potion of degeneration
 i - 3 potions of heal wounds
 j - 7 potions of flight
 l - a potion of brilliance
 r - a potion of mutation
Miscellaneous
 z - a piece from Xom's chessboard (15/15)


   Skills:
 * Level 6.6 Fighting
 + Level 5.7 Axes
 * Level 5.9 Throwing
 - Level 4.0 Armour
 * Level 5.8 Dodging
 + Level 6.1 Shields
 + Level 5.0 Evocations


You had 9 spell levels left.
You didn't know any spells.
Your spell library contained the following spells:

 Spells                   Type           Power      Damage    Failure   Level
 Beastly Appendage        Tmut           0%         N/A       47%         1
 Wereblood                Tmut           0%         N/A       63%         2
 Call Canine Familiar     Summ           0%         N/A       85%         3
 Portal Projectile        Hex/Tloc       0%         N/A       85%         3
 Spider Form              Tmut/Pois      0%         N/A       85%         3
 Leda's Liquefaction      Hex/Erth       0%         N/A       99%         4


Dungeon Overview and Level Annotations

Branches:
Dungeon (7/15)             Temple (1/1) D:5           Sewer (visited)

Altars:
Cheibriados
Dithmenos
Fedhas
Gozag
Hepliaklqana
Makhleb
Okawaru
Qazlal
Ru
Sif Muna
Uskayaw
Wu Jian
Xom
Yredelemnul
Zin
The Shining One

Shops:
D:5 [


Innate Abilities, Weirdness & Mutations

You cannot be hasted, slowed, berserked, paralysed or teleported.
You can dig through walls and to a lower floor.
You have a pair of large antennae on your head. (SInv)
Your four strong arms can wield two-handed weapons with a shield.


Message History

The boulder beetle is distracted by your dazzling golden aura.
The water moccasin barely misses you.
The four-headed hydra roars!
The kobold shouts!
You hit the kobold brigand.
The kobold brigand is almost dead.
You completely miss the water moccasin. The water moccasin bites you.
The kobold brigand hits you with a +0 dagger.
The water moccasin bites you.
You are poisoned.
The water moccasin poisons you!
You completely miss the kobold brigand.
The kobold brigand is almost dead.
You hit the water moccasin but do no damage.
You feel very sick.
The kobold is no longer distracted by gold.
The kobold brigand barely misses you.
A wight comes into view. It is wielding a +3 battleaxe.
The water moccasin bites you but does no damage.
You hit the kobold brigand.
The kobold brigand is almost dead.
You closely miss the water moccasin.
You feel very sick.
The four-headed hydra is no longer distracted by gold.
The water moccasin closely misses you. The kobold brigand misses you.
A gargoyle comes into view. It is wielding a +0 flail.
The water moccasin closely misses you.
The kobold brigand completely misses you.
You hit the kobold brigand.
The kobold brigand is almost dead.
You chop one of the four-headed hydra's heads off!
The three-headed hydra grows two more!
You slash the five-headed hydra! You slash the water moccasin!
You feel sick.
The boulder beetle is no longer distracted by gold.
The water moccasin completely misses you.
The five-headed hydra bites you. The five-headed hydra bites you!
The five-headed hydra bites you. The five-headed hydra bites you!
* * * LOW HITPOINT WARNING * * *
The five-headed hydra bites you!
You die...
Your body crumbles into a pile of gold.

..# #.....8.. .?#
#....8<8. ..#
#.....8..{ ..# {
#....... { ..# #
#h.... ..# #..#####
#...## ..#
#.....###h...###...
### #KSKYK......h..
# #@#####.#####..
## #D#.........#
.## .#
#$#.#..####.# ..#
#.# #B#.........#
#.####.######
#9######..###..#
#..##...#...##
#z.............#
##)#.........#
#.###.)######...
#))..........
..#.....)...# .
#............
..#.####..#.#


You could see a boulder beetle, a five-headed hydra, a water moccasin, a
gargoyle, a sky beast, a kobold brigand, a hound, a wight and 2 kobolds.

Vanquished Creatures
  A cyclops (D:7)
  Prince Ribbit (D:5)
  A water moccasin (D:6)
  Duvessa (D:5)
  Pargi (Sewer)
  2 orc warriors (D:7)
  A sky beast (D:6)
  A black bear (D:7)
  3 centaurs
  2 phantoms
  A kobold brigand (D:6)
  2 bullfrogs (D:7)
  4 necrophages
  A scorpion (D:5)
  Dowan (D:5)
  A vampire bat (D:5)
  A howler monkey (D:7)
  5 jellies
  Crazy Yiuf (D:4)
  6 hounds
  2 orc priests (D:7)
  2 iguanas
  5 orc wizards
  4 gnolls (D:2)
  4 white imps
  An ufetubus (D:6)
  3 worms
  4 dart slugs
  3 fire bats (D:5)
  14 orcs
  2 spectral bats (D:5)
  9 ball pythons
  3 bat skeletons (D:5)
  A bat zombie (D:5)
  9 endoplasms
  7 giant cockroaches
  9 goblins
  9 hobgoblins
  10 jackals
  13 quokkas
  15 bats
  A bat simulacrum (D:5)
  2 frilled lizards (D:1)
  12 kobolds
  10 rats
191 creatures vanquished.

Vanquished Creatures (others)
  4 plants (D:1)
4 creatures vanquished.

Grand Total: 195 creatures vanquished

Notes
Turn   | Place    | Note
-------+----------+-------------------------------------------
     0 | D:1      | GorkyZ the Formicid Gladiator began the quest for the Orb.
     0 | D:1      | Reached XP level 1. HP: 16/16 MP: 1/1
   335 | D:1      | Reached XP level 2. HP: 17/22 MP: 2/2
   816 | D:1      | Reached XP level 3. HP: 16/28 MP: 3/3
   824 | D:1      | Reached skill level 1 in Armour
  1014 | D:1      | Reached skill level 1 in Shields
  1374 | D:1      | Found a faded altar of an unknown god.
  1597 | D:2      | Reached skill level 1 in Evocations
  1657 | D:2      | Reached XP level 4. HP: 24/34 MP: 4/4
  1762 | D:2      | Identified the +2 robe "Uskushro" {Dex+3}
  1844 | D:2      | Reached XP level 5. HP: 7/40 MP: 5/5
  2770 | D:3      | Found a glowing drain.
  2787 | Sewer    | Entered a sewer
  2865 | Sewer    | Noticed Pargi
  2880 | Sewer    | Killed Pargi
  2881 | Sewer    | Reached XP level 6. HP: 41/47 MP: 6/6
  3120 | D:3      | Found a blossoming altar of Fedhas.
  3345 | D:3      | Found a glowing golden altar of the Shining One.
  3741 | D:4      | Reached XP level 7. HP: 42/52 MP: 7/7
  3776 | D:4      | Found a runed translucent door.
  3777 | D:4      | Noticed Crazy Yiuf
  3782 | D:4      | Killed Crazy Yiuf
  4594 | D:5      | Entered Level 5 of the Dungeon
  4723 | D:5      | Reached XP level 8. HP: 19/60 MP: 8/8
  4776 | D:5      | Found Xeoka's Antique Armour Boutique.
  4794 | D:5      | Found a staircase to the Ecumenical Temple.
  4813 | Temple   | Entered the Ecumenical Temple
  4833 | Temple   | Became a worshipper of Gozag Ym Sagoz the Greedy
  4883 | D:5      | Noticed Dowan
  4886 | D:5      | Noticed Duvessa
  4886 | D:5      | Noticed Prince Ribbit
  4894 | D:5      | Killed Dowan
  4903 | D:5      | Killed Duvessa
  4919 | D:5      | Killed Prince Ribbit
  5329 | D:5      | Found a glowing silver altar of Zin.
  5396 | D:6      | Reached XP level 9. HP: 67/67 MP: 9/9
  5450 | D:6      | Reached skill level 5 in Fighting
  5595 | D:6      | Found a shimmering blue altar of Sif Muna.
  5617 | D:6      | Reached skill level 5 in Axes
  5617 | D:6      | Reached skill level 5 in Shields
  5906 | D:6      | Reached skill level 5 in Dodging
  6336 | D:7      | Reached skill level 5 in Throwing
  6445 | D:7      | Noticed a cyclops
  6456 | D:7      | Killed a cyclops
  6479 | D:7      | Reached XP level 10. HP: 39/77 MP: 10/10
  6554 | D:7      | Reached skill level 5 in Evocations
  6560 | D:7      | Noticed a four-headed hydra
  6562 | D:7      | Noticed a boulder beetle
  6573 | D:7      | Noticed a gargoyle
  6574 | D:7      | Slain by a five-headed hydra

Illustrated notes

Levels and vault maps discovered:
D:1:      minmay_arrival_stair_chambers, layout_loops_ring,
          basic_ecumenical_altar, minmay_misc_feat_nine_boxes,
          minmay_misc_feat_more_columns, hex_large, grunt_decor_one_mirror,
          serial_bayou_lagoon_b
D:2:      layout_rooms
D:3:      layout_loops_ring, tso_altar, fedhas_altar_1, gup_sewer_entry_pipe,
          nicolae_concentric_dashed_squares_wild
D:4:      layout_basic, uniq_crazy_yiuf_cottage
D:5:      layout_cave_pools, kennysheep_little_box, minmay_temple_entry_arrows,
          serial_shops, shop, goddamned_bats, uniq_prince_ribbit1, uniq_duvessa
D:6:      layout_loops_cross, nicolae_sif_muna_condensation, hex_tiny
D:7:      minmay_the_grid_plus [minmay_the_grid_spin_star,
          minmay_the_grid_zigzag_pyramid, minmay_the_grid_stretched_grid,
          minmay_the_grid_broken_lines,
          minmay_the_grid_prize_four_corners_diamond_a], layout_rooms,
          lemuel_zombie_altar_kikubaaqudgha, st_stairs_14
Temple:   eino_temple_lava

Skill      XL: |  1  2  3  4  5  6  7  8  9 10 |
---------------+-------------------------------+-----
Armour         | 1 2 3 4 |  4.0
Shields        | 1 2 3 4 5 6 |  6.1
Evocations     | 1 2 3 4 5 |  5.0
Dodging        | 3 4 5 |  5.8
Fighting       | 3 4 6 |  6.6
Throwing       | 3 4 5 |  5.9
Axes           | 4 5 |  5.7

Action                   |  1- 3 |  4- 6 |  7- 9 | 10-12 || total
-------------------------+-------+-------+-------+-------++-------
Melee: War axe           |   107 |   135 |   269 |    44 ||   555
Throw: Throwing net      |       |     3 |     3 |       ||     6
       Javelin           |       |     3 |       |       ||     3
  Use: Scroll            |       |       |    15 |       ||    15
       Potion            |       |       |       |     1 ||     1
 Stab: Distracted        |       |       |     1 |     2 ||     3
Armor: Leather armour    |    27 |       |       |       ||    27
       Chain mail        |     2 |    52 |       |       ||    54
       Troll leather arm |       |     6 |    59 |     8 ||    73
Dodge: Dodged            |    73 |    60 |   262 |    56 ||   451
Block: Other             |     2 |       |       |       ||     2
       Orb               |       |    22 |    47 |       ||    69
